 Dungeon Crawl Stone Soup version 0.25-a0-583-g696c2ac64d (webtiles) character file.

Game seed: 1168108295358779134, levelgen mode: deterministic

2576 Eurus the Destroyer (level 9, -4/63 HPs)
             Began as a Mummy Conjurer on Mar 8, 2020.
             Was a Follower of Ashenzari.
             Slain by a komodo dragon (16 damage)
             ... on level 1 of the Lair of Beasts.
             The game lasted 00:25:13 (10385 turns).

Eurus the Destroyer (Mummy Conjurer)               Turns: 10385, Time: 00:25:14

Health: -4/63      AC:  5    Str: 11    XL:     9   Next: 32%
Magic:  26/35      EV: 12    Int: 17    God:    Ashenzari [*.....]
Gold:   253        SH:  0    Dex: 13    Spells: 16/23 levels left

rFire    x . .     SeeInvis +   l - staff of power (curse)
rCold    + . .     Gourm    .   (no shield)
rNeg     + + +     Faith    .   e - +0 animal skin
rPois    ∞         Spirit   .   k - +0 helmet {SInv} (curse)
rElec    .         Reflect  .   (no cloak)
rCorr    .         Harm     .   (no gloves)
MR       +....                  (no boots)
Stlth    ++........             (no amulet)
HPRegen  0.20/turn              f - ring of see invisible
MPRegen  0.24/turn              i - +2 ring of protection (curse)

@: no status effects
A: no food or potions, fire vulnerability, cold resistance 1, negative energy
resistance 3, torment resistance, unbreathing
a: Curse Item, Scrying, Renounce Religion


You were on level 1 of the Lair of Beasts.
You worshipped Ashenzari.
Ashenzari was aware of your devotion.
You were not hungry.

You visited 3 branches of the dungeon, and saw 10 of its levels.

You collected 455 gold pieces.
You spent 202 gold pieces at shops.

Inventory:

Armour
 e - a +0 animal skin (worn)
 h - a cursed +0 leather armour
 k - a cursed +0 helmet of see invisible (worn)
Magical Staves
 l - a cursed staff of power (weapon)
Jewellery
 f - a ring of see invisible (left hand)
 i - a cursed +2 ring of protection (right hand)
 p - an uncursed ring of flight
Wands
 o - a wand of iceblast (9)
 q - a wand of disintegration (16)
 r - a wand of random effects (12)
 s - a wand of paralysis (24)
Scrolls
 a - a scroll of enchant weapon
 b - a scroll of immolation
 c - 5 scrolls of identify
 d - a scroll of enchant armour
 g - 2 scrolls of magic mapping
 j - 3 scrolls of remove curse
 m - 3 scrolls of teleportation
 n - a scroll of fear


   Skills:
 - Level 3.0 Fighting
 + Level 2.5 Armour
 - Level 1.5 Dodging
 - Level 1.5 Stealth
 + Level 7.9 Spellcasting
 * Level 8.2 Conjurations
 + Level 3.6 Translocations


You had 16 spell levels left.
You knew the following spells:

 Your Spells              Type           Power        Failure   Level  Hunger
a - Magic Dart            Conj           ####         1%          1    N/A
b - Searing Ray           Conj           ####..       1%          2    N/A
c - Iskenderun's Mystic   Conj/Tloc      ####....     9%          4    N/A

Your spell library contained the following spells:

 Spells                   Type           Power        Failure   Level  Hunger
 Dazzling Flash           Conj/Hex       ###...       6%          3    N/A
 Fulminant Prism          Conj/Hex       ###.......   21%         4    N/A

Dungeon Overview and Level Annotations

Branches:
Dungeon (8/15)             Temple (1/1) D:7            Lair (1/6) D:8

Altars:
Ashenzari
Cheibriados
Dithmenos
Qazlal
Ru
Sif Muna
Trog
Uskayaw
Wu Jian
Xom
Yredelemnul
The Shining One

Shops:
D:5 *   D:8 [

Annotations:
D:6 Grinder
D:7 Harold, Joseph


Innate Abilities, Weirdness & Mutations

You do not eat or drink.
Your flesh is vulnerable to fire.
You are immune to poison.
Your flesh is cold resistant. (rC+)
You are immune to negative energy. (rN+++)
You are immune to unholy pain and torment.
You can survive without breathing.


Message History

The searing ray hits the komodo dragon.
The komodo dragon is severely wounded.
The komodo dragon barely misses you.
The searing ray hits the komodo dragon.
The komodo dragon is severely wounded.
You finish channeling your searing ray.
The komodo dragon bites you!!
Casting: Searing Ray (safe; 1% risk of failure)
Confirm with . or Enter, or press ? or * to list all spells.
Aiming: Searing Ray (safe; 1% risk of failure)
Press: ? - help, Shift-Dir - straight line, f/p - komodo dragon
Aim: a komodo dragon (severely wounded)
The searing ray hits the komodo dragon.
The komodo dragon is severely wounded. (Press . to maintain the ray.)
The komodo dragon bites you!!
* * * LOW HITPOINT WARNING * * *
The searing ray hits the komodo dragon.
The komodo dragon is severely wounded.
The komodo dragon bites you!
You die...

P..................##............
...........................# #...
..............#.####......## #...
+P##........##### #......####.#
...#........# #....<.#..P%#
............## #...........#
...#.........### ###..........(#
...#........##.##.##...........#
.. #.).........l@..............#
.. #......###P###.#............#
. +......# ### ###............#
.#.#......# #..###.##.#..#
......l...# #.. .......#...
..........# #. #.......#...
..........# +.......#...
........$.... .#..P.###..?
.....##P##.## ..... ...


You could see a komodo dragon.

Vanquished Creatures
  A hornet (D:8)
  A hippogriff (D:8)
  Eustachio (D:6)
  A sky beast (D:5)
  2 orc warriors
  An ogre (D:4)
  4 phantoms
  2 crocodiles (D:8)
  A bullfrog (D:8)
  A scorpion (D:5)
  6 wights
  4 crimson imps
  3 hounds
  An orc priest (D:8)
  A jelly (D:7)
  5 orc wizards
  A quasit (D:8)
  A centaur skeleton (D:7)
  2 iguanas
  2 worker ants (D:8)
  A hound skeleton (D:7)
  A worker ant zombie (D:6)
  Robin (D:4)
  8 adders
  2 shadow imps (D:8)
  2 oozes
  2 worms (D:4)
  2 dart slugs (D:3)
  3 leopard geckos
  21 orcs
  A ball python (D:2)
  5 giant cockroaches
  15 goblins
  4 hobgoblins
  12 jackals
  4 quokkas
  5 bats
  5 frilled lizards
  A giant cockroach zombie (D:5)
  6 kobolds
  A leopard gecko skeleton (D:5)
  3 rats
146 creatures vanquished.

Notes
Turn   | Place    | Note
-------+----------+-------------------------------------------
     0 | D:1      | Eurus the Mummy Conjurer began the quest for the Orb.
     0 | D:1      | Reached XP level 1. HP: 13/13 MP: 4/4
   431 | D:1      | Reached XP level 2. HP: 19/19 MP: 3/6
   856 | D:2      | Learned a level 2 spell: Searing Ray
  1011 | D:2      | Reached XP level 3. HP: 20/24 MP: 4/7
  1292 | D:2      | Reached skill level 4 in Conjurations
  1736 | D:3      | Found a shadowy altar of Dithmenos.
  1958 | D:3      | Reached XP level 4. HP: 22/30 MP: 2/9
  1971 | D:3      | Found a hide-covered altar of Uskayaw.
  2289 | D:4      | Noticed a phantom
  2602 | D:4      | Killed a phantom
  2602 | D:4      | Reached XP level 5. HP: 17/35 MP: 1/11
  2969 | D:4      | Noticed Robin
  2998 | D:4      | Killed Robin
  3524 | D:4      | Reached skill level 5 in Conjurations
  3825 | D:4      | Noticed an ogre
  3831 | D:4      | Killed an ogre
  3831 | D:4      | Reached skill level 5 in Spellcasting
  3831 | D:4      | Reached XP level 6. HP: 41/41 MP: 8/13
  4248 | D:3      | Found a faded altar of an unknown god.
  5106 | D:4      | Learned a level 4 spell: Iskenderun's Mystic Blast
  5108 | D:5      | Entered Level 5 of the Dungeon
  5122 | D:5      | Found a stormy altar of Qazlal.
  5299 | D:5      | Found an ornate altar of the Wu Jian Council.
  5300 | D:5      | Found a basalt altar of Yredelemnul.
  5302 | D:5      | Found a sacrificial altar of Ru.
  5318 | D:5      | Found a shimmering blue altar of Sif Muna.
  5515 | D:5      | Noticed a sky beast
  5521 | D:5      | Killed a sky beast
  5521 | D:5      | Reached skill level 1 in Fighting
  5521 | D:5      | Reached skill level 6 in Conjurations
  5521 | D:5      | Reached XP level 7. HP: 31/48 MP: 7/15
  5722 | D:5      | Reached skill level 1 in Translocations
  5920 | D:5      | Found Quhim's General Store.
  6193 | D:6      | Found a shattered altar of Ashenzari.
  6198 | D:6      | Became a worshipper of Ashenzari the Shackled
  6441 | D:6      | Noticed Eustachio
  6591 | D:6      | Noticed Grinder
  6652 | D:6      | Found a bloodstained altar of Trog.
  7031 | D:7      | Noticed Joseph
  7258 | D:7      | Found a shimmering altar of Xom.
  7342 | D:7      | Reached XP level 8. HP: 46/57 MP: 7/17
  7420 | D:7      | Found a glowing golden altar of the Shining One.
  7483 | D:7      | Found a staircase to the Ecumenical Temple.
  7764 | D:6      | Killed Eustachio
  7764 | D:6      | Reached skill level 7 in Conjurations
  8066 | D:7      | Noticed Harold
  8173 | D:7      | Reached skill level 1 in Armour
  8471 | Temple   | Entered the Ecumenical Temple
  8534 | D:8      | Found Siwic's Antique Armour Shoppe.
  8549 | D:8      | Bought a glowing helmet for 202 gold pieces
  8574 | D:8      | Found a snail-covered altar of Cheibriados.
  9297 | D:8      | Reached * piety under Ashenzari
  9315 | D:8      | Reached XP level 9. HP: 63/63 MP: 20/20
  9628 | D:8      | Noticed an elephant
  9747 | D:8      | Found a staircase to the Lair.
  9808 | D:8      | Reached skill level 8 in Conjurations
 10310 | Lair:1   | Entered Level 1 of the Lair of Beasts
 10362 | Lair:1   | Noticed a komodo dragon
 10385 | Lair:1   | Slain by a komodo dragon

Levels and vault maps discovered:
D:1:      heliophobic_arrival_battle_scene, layout_loops_ring,
          minmay_tree_intersection
D:2:      layout_basic, kennysheep_generic_room_9
D:3:      layout_loops_cross, nicolae_overflow_hidden_temple,
          nicolae_dithmenos_shadow_blocks,
          chequers_ecumenical_altar_simple_redux
D:4:      layout_cave_pods, first_ration, hangedman_abyss_or_decor_stabs,
          uniq_robin
D:5:      layout_basic, nicolae_overflow_quartered_altars, old_standard_altar,
          serial_shops, kennysheep_mini, corexii_leaking_fountain,
          kennysheep_generic_room_14
D:6:      layout_rooms, nicolae_overflow_crystal_walls, kennysheep_little_box,
          uniq_eustachio, uniq_grinder
D:7:      layout_basic, xom_teletrap_fun, tso_metal_star, zin_angel,
          temple_doors_e, uniq_prince_ribbit1, uniq_harold, uniq_joseph
D:8:      layout_rooms, lemuel_round_altar, david_lair_generic, serial_shops,
          nicolae_shop_overgrown_old_shop
Temple:   jpeg_temple_island
Lair:1:   layout_chaotic_city

Skill      XL: |  1  2  3  4  5  6  7  8  9 |
---------------+----------------------------+-----
Spellcasting   | 3 4 5 6 7 |  7.9
Conjurations   | 4 5 6 7 8 |  8.2
Fighting       | 1 2 3 |  3.0
Translocations | 2 3 |  3.6
Armour         | 1 2 |  2.5
Dodging        | |  1.5
Stealth        | |  1.5

Action                   |  1- 3 |  4- 6 |  7- 9 || total
-------------------------+-------+-------+-------++-------
Melee: Unarmed           |     1 |       |       ||     1
       Dagger            |    17 |     6 |       ||    23
       Trident           |       |    51 |    33 ||    84
       Staff             |       |       |     1 ||     1
 Cast: Magic Dart        |    51 |    33 |    33 ||   117
       Searing Ray       |     5 |    32 |    53 ||    90
Invok: Curse Item        |       |       |     2 ||     2
  Use: Scroll            |       |     3 |     9 ||    12
 Stab: Sleeping          |     1 |     1 |     3 ||     5
Armor: Robe              |     4 |     4 |       ||     8
       Animal skin       |       |    16 |    16 ||    32
Dodge: Dodged            |    19 |    60 |    50 ||   129

Table legend:
 A = Non-vault XP
 B = Vault XP
 C = Vault XP percentage of total XP
 D = Non-vault monster count
 E = Vault monster count
 F = Vault count percentage of total count
                 A         B        C        D         E       F
            +---------+---------+-------+---------+---------+-------
      Total |    2964 |     716 |  19.5 |     130 |      16 |  11.0
            +---------+---------+-------+---------+---------+-------
        D:1 |      18 |       0 |   0.0 |      11 |       0 |   0.0
        D:2 |      51 |       0 |   0.0 |      18 |       0 |   0.0
        D:3 |     141 |       0 |   0.0 |      22 |       0 |   0.0
        D:4 |     344 |      35 |   9.2 |      14 |      11 |  44.0
        D:5 |     358 |       3 |   0.8 |      16 |       1 |   5.9
        D:6 |     362 |     202 |  35.8 |       9 |       1 |  10.0
        D:7 |     793 |       0 |   0.0 |      19 |       0 |   0.0
        D:8 |     897 |     476 |  34.7 |      21 |       3 |  12.5
            +---------+---------+-------+---------+---------+-------
